 Dungeon Crawl Stone Soup version 0.30-a0-1103-g25895a7845 (webtiles) character file.

Game seed: 10462520810015422268

280 qeuew the Trooper (level 6, 0/39 HPs)
             Began as a Gargoyle Fighter on Apr 18, 2023.
             Was an Initiate of Makhleb.
             Slain by Pikel
             ... wielding a +0 whip of freezing
              (2 damage)
             ... on level 7 of the Dungeon.
             The game lasted 00:04:21 (3662 turns).

qeuew the Trooper (Gargoyle Fighter)                Turns: 3662, Time: 00:04:21

Health: 0/39       AC: 11    Str: 24    XL:     6   Next: 27%
Magic:  6/6        EV: 10    Int:  7    God:    Makhleb [......]
Gold:   212        SH:  4    Dex: 10    Spells: 5/5 levels left

rFire   . . .      SeeInvis .    a - +0 flail
rCold   . . .      Faith    .    c - +0 buckler
rNeg    + . .      Spirit   .    b - +0 scale mail
rPois   ∞          Reflect  .    (no helmet)
rElec   +          Rampage  .    (no cloak)
rCorr   .                        (no gloves)
Will    .....                    (no boots) Stlth
                                 (no amulet)
HPRegen 0.26/turn                (no ring)
MPRegen 0.10/turn                (no ring)

@: mighty
A: sickness immunity, AC +4, negative energy resistance 1, electricity
resistance, torment resistance 1, petrification resistance, strong 1, sturdy
frame 1
a: Renounce Religion


You were on level 7 of the Dungeon.
You worshipped Makhleb.
Makhleb was noncommittal.
You visited 2 branches of the dungeon, and saw 6 of its levels.

You collected 212 gold pieces.

Inventory:

Hand Weapons
 a - a +0 flail (weapon)
Armour
 b - a +0 scale mail (worn)
 c - a +0 buckler (worn)
Wands
 i - a wand of iceblast (4)
Scrolls
 f - 6 scrolls of teleportation
 g - a scroll of silence
 h - 2 scrolls of poison
 j - a scroll of enchant weapon {unknown}
Potions
 e - a potion of resistance
 l - 2 potions of curing


   Skills:
 * Level 4.5 Fighting
 * Level 3.3 Maces & Flails
 * Level 4.5 Armour
 + Level 1.3 Dodging
 * Level 4.4 Shields
 + Level 0.8 Invocations


You had 5 spell levels left.
You didn't know any spells.
Your spell library contained the following spells:

 Spells                   Type           Power      Damage    Failure   Level
 Blink                    Tloc           0%         N/A       83%         2
 Lesser Beckoning         Tloc           0%         N/A       83%         2
 Momentum Strike          Conj/Tloc      0%         3d8       83%         2
 Manifold Assault         Tloc           0%         N/A       100%        4
 Storm Form               Tmut/Air       0%         N/A       100%        7


Dungeon Overview and Level Annotations

Branches:
Dungeon (4/15)             Temple (1/1) D:4

Altars:
Ashenzari
Hepliaklqana
Makhleb
Nemelex Xobeh
Uskayaw
Wu Jian
Xom
Yredelemnul
Zin
The Shining One

Shops:
D:1 [   D:4 *

Annotations:
D:7 Pikel


Innate Abilities, Weirdness & Mutations

You are immune to sickness and miasma.
Your stone body is resilient. (AC +4)
You are immune to poison.
You resist negative energy. (rN+)
You are resistant to electric shocks. (rElec)
You are resistant to unholy torment.
You are immune to petrification.
Your muscles are strong. (Str +4, Int/Dex -1)
Your movements are slightly less encumbered by armour. (ER -2)


Message History

Pikel freezes you.
You are too injured to fight recklessly!
You are too injured to fight recklessly!
You are too injured to fight recklessly!
You are too injured to fight recklessly!
You are too injured to fight recklessly!
You are too injured to fight recklessly!
You are too injured to fight recklessly!
You are too injured to fight recklessly!
You are too injured to fight recklessly!
You are too injured to fight recklessly!
You are too injured to fight recklessly!
You are too injured to fight recklessly!
You are too injured to fight recklessly!
You are too injured to fight recklessly!
You are too injured to fight recklessly!
Unknown command.
You barely miss Pikel.
Pikel is moderately wounded.
Pikel hits you with a +0 whip of freezing.
Pikel freezes you.
* * * LOW HITPOINT WARNING * * *
You feel very mighty all of a sudden. Pikel barely misses you.
You closely miss Pikel.
Pikel is moderately wounded.
Pikel barely misses you.
You sock Pikel!
Pikel is severely wounded.
Pikel barely misses you.
Pikel hits you with a +0 whip of freezing.
* * * LOW HITPOINT WARNING * * *
Pikel freezes you.
* * * LOW HITPOINT WARNING * * *
You hit Pikel.
Pikel is severely wounded.
Pikel hits you with a +0 whip of freezing.
* * * LOW HITPOINT WARNING * * *
Pikel freezes you.
You die...

#....##'##
#....##.# #######.#
#...)..# #......# .
#......# ..
#......###...
#######............
#.@K55..........###
#.##55.............
#. ############.###
#. .# #. # #. ##


You could see Pikel and 4 lemures.

Vanquished Creatures
  Menkaure (D:4)
  4 gnolls (D:4)
  4 adders
  2 worms
  A dart slug (D:1)
  6 orcs
  3 bats
  10 endoplasms
  2 giant cockroaches
  10 goblins
  4 hobgoblins
  6 jackals (D:3)
  6 kobolds
  A quokka (D:1)
  6 ball pythons
  3 frilled lizards
  9 rats
78 creatures vanquished.

Notes
Turn   | Place    | Note
-------+----------+-------------------------------------------
     0 | D:1      | qeuew the Gargoyle Fighter began the quest for the Orb.
     0 | D:1      | Reached XP level 1. HP: 14/14 MP: 1/1
    89 | D:1      | Reached XP level 2. HP: 12/19 MP: 2/2
   577 | D:1      | Found Ehucal's Antique Armour Emporium.
   744 | D:1      | Reached XP level 3. HP: 23/23 MP: 3/3
  1348 | D:2      | Reached XP level 4. HP: 20/29 MP: 4/4
  1565 | D:2      | Identified the +0 robe of Xunoemi {rN+ rCorr Str+2}
  1757 | D:2      | Identified the +5 spear of Wu Jian's Whim {pain, Drain
                  | rCorr MP+9 Int+6}
  2248 | D:3      | Reached skill level 1 in Dodging
  2872 | D:3      | Gained mutation: Your muscles are strong. (Str +4, Int/Dex
                  | -1) [potion of mutation]
  2872 | D:3      | Gained mutation: Your movements are slightly less
                  | encumbered by armour. (ER -2) [potion of mutation]
  2936 | D:4      | Reached XP level 5. HP: 28/33 MP: 5/5
  2989 | D:4      | Found Dorrure's Elemental Accessories.
  3056 | D:4      | Found a staircase to the Ecumenical Temple.
  3080 | Temple   | Entered the Ecumenical Temple
  3271 | Temple   | Became a worshipper of Makhleb the Destroyer
  3319 | D:4      | Noticed Menkaure
  3327 | D:4      | Killed Menkaure
  3328 | D:4      | Reached XP level 6. HP: 11/39 MP: 6/6
  3609 | D:4      | You fall into a shaft and drop 3 floors!
  3626 | D:7      | Noticed Pikel
  3662 | D:7      | Slain by Pikel

Illustrated notes

Levels and vault maps discovered:
D:1:      psy_arrival_conway, layout_loops_corners, serial_shops,
          nicolae_shop_hallway_stairs
D:2:      layout_loops_corners, hangedman_decor_growths,
          kennysheep_generic_room_13
D:3:      layout_basic
D:4:      layout_basic, minmay_temple_entry_hall, nicolae_elemental_shop,
          kennysheep_minor_cross, hangedman_decor_slide_cut, uniq_menkaure
D:7:      layout_basic, uniq_pikel
Temple:   grunt_temple_mini_profane

Skill      XL: |  1  2  3  4  5 |
---------------+----------------+-----
Fighting       | 4 |  4.5
Armour         | 4 |  4.5
Dodging        | 1 |  1.3
Shields        | 4 |  4.4
Maces & Flails | 3 |  3.3
Invocations    | |  0.8

Action                     |  1- 3 |  4- 6 || total
---------------------------+-------+-------++-------
  Melee: Flail             |   106 |   175 ||   281
    Use: Scroll            |     5 |     3 ||     8
         Potion            |     1 |     4 ||     5
 Armour: Scale mail        |    55 |   115 ||   170
  Dodge: Dodged            |    47 |   116 ||   163
  Block: Buckler           |    19 |    41 ||    60

Table legend: (Time is in decaauts)
 A = Elapsed time spent in this place.
 B = Non-inter-level travel time spent in this place.
 C = Inter-level travel time spent in this place.
 D = Time resting spent in this place.
 E = Time spent auto-exploring this place.
 F = Levels seen in this place.
 G = Mean time per level.
                   A        B        C        D        E       F      G
               +--------+--------+--------+--------+--------+-----+--------+
         Total |   3757 |   3632 |    125 |      0 |   2967 |   6 |  626.2 |
       Dungeon |   3543 |   3456 |     87 |      0 |   2798 |   5 |  708.6 |
        Temple |    214 |    177 |     37 |      0 |    169 |   1 |  214.0 |
               +--------+--------+--------+--------+--------+-----+--------+

Top non-repeatable levels by time:
     D:2: 1019 daAuts
     D:1: 1008 daAuts
     D:3: 962 daAuts
     D:4: 494 daAuts
  Temple: 214 daAuts
     D:7: 58 daAuts
